 Dungeon Crawl Stone Soup version 0.31-a0-217-g58bb5d79cf (webtiles) character file.

Game seed: 4270485067168969500

613 qw the Shooter (level 7, -5/59 HPs)
             Began as a Minotaur Hexslinger on July 3, 2023.
             Was an Initiate of Okawaru.
             Slain by an ogre
             ... wielding a +0 giant spiked club
              (15 damage)
             ... on level 4 of the Dungeon.
             The game lasted 00:01:41 (4161 turns).

qw the Shooter (Minotaur Hexslinger)                Turns: 4161, Time: 00:01:41

Health: -5/59      AC:  3    Str: 12    XL:     7   Next: 20%
Magic:  7/7        EV: 13    Int: 10    God:    Okawaru [......]
Gold:   226        SH:  0    Dex: 17    Spells: 7/8 levels left

rFire   + . .        Y - +1 sling (elec)
rCold   . . .        (no shield)
rNeg    + . .        c - +0 robe of Qiecimmeib {Contam rF+ Will+ Dex+2}
rPois   .            (helmet restricted)
rElec   .            f - +0 cloak
rCorr   .            (no gloves)
SInv    .            (no boots)
Will    +....        (no amulet)
Stlth   ++           j - ring of positive energy
HPRegen 0.29/turn    (no ring)
MPRegen 0.10/turn

%: no passive effects
@: about to teleport
A: horns 2, retaliatory headbutt
a: Renounce Religion


You were on level 4 of the Dungeon.
You worshipped Okawaru.
Okawaru was noncommittal.
You visited 2 branches of the dungeon, and saw 6 of its levels.

You collected 266 gold pieces.
You spent 40 gold pieces at shops.


Innate Abilities, Weirdness & Mutations

You have a pair of horns on your head.
You reflexively headbutt those who attack you in melee.


   Skills:
 - Level 4.2 Fighting
 + Level 7.5 Ranged Weapons
 - Level 1.0 Armour
 - Level 3.0 Dodging
 - Level 1.0 Spellcasting
 - Level 2.0 Hexes


You had 7 spell levels left.
You knew the following spells:

 Your Spells              Type           Power      Damage    Failure   Level
a - Slow                  Hex            16%        N/A       16%         1

Your spell library contained the following spells:

 Spells                   Type           Power      Damage    Failure   Level
 Inner Flame              Hex/Fire       2%         N/A       56%         3
 Portal Projectile        Hex/Tloc       4%         N/A       56%         3
 Cause Fear               Hex            2%         N/A       83%         4

Inventory:

Hand Weapons
 Y - a +1 sling of electrocution (weapon)
Armour
 c - the +0 robe of Qiecimmeib (worn) {Contam rF+ Will+ Dex+2}
   (You found it on level 4 of the Dungeon)

   Dex:       It affects your dexterity (+2).
   rF:        It protects you from fire.
   Contam:    It causes magical contamination when unequipped.
   Will:      It increases your willpower.
 f - a +0 cloak (worn)
Jewellery
 j - a ring of positive energy (left hand)
Wands
 h - a wand of digging (10)
Scrolls
 d - a scroll of identify
Potions
 e - a potion of cancellation
 k - a potion of haste
 n - a potion of curing

Dungeon Overview and Level Annotations

Branches:
Dungeon (5/15)             Temple (1/1) D:4

Altars:
Cheibriados
Dithmenos
Elyvilon
Fedhas
Gozag
Hepliaklqana
Kikubaaqudgha
Makhleb
Nemelex Xobeh
Okawaru
Qazlal
Ru
Sif Muna
Trog
Uskayaw
Vehumet
Wu Jian
Xom
Yredelemnul
Zin
The Shining One

Shops:
D:2 [   D:5 *


Message History

You climb upwards.
There is a stone staircase leading down, spattered with blood here.
You start resting.
Magic restored.
You start resting.
HP restored.
Done exploring.
(D) Dungeon (T) Temple
Where to? (* - list waypoints, Enter - D:5, ? - help)
What level of the Dungeon? (default 1, ? - help)
You climb downwards.
The orc hits you with a +0 flail. The orc misses you.
There is a stone staircase leading up, spattered with blood here.
You shoot a sling bullet. The sling bullet hits the ogre.
The ogre is lightly wounded.
The ogre hits you with a +0 giant spiked club!!
The orc closely misses you. The orc misses you. The orc closely misses you.
You furiously retaliate!
You headbutt the orc. The orc completely misses you.
4156 ||| STAIRDANCE The ogre closely misses you.
You furiously retaliate!
You headbutt the ogre. The orc closely misses you. The orc barely misses you.
You climb upwards.
There is a stone staircase leading down, spattered with blood here.
You shoot a sling bullet. The sling bullet hits the ogre.
The ogre is moderately wounded.
The orc completely misses you.
The ogre hits you with a +0 giant spiked club!!
4159 ||| READING scroll of teleportation.
As you read the scroll of teleportation, it crumbles to dust.
You feel strangely unstable. The orc barely misses you.
You shoot a sling bullet.
The sling bullet barely misses the ogre.
The ogre closely misses you. You furiously retaliate!
You headbutt the ogre! The orc misses you. You furiously retaliate!
You headbutt the orc!
You kill the orc!
Okawaru accepts your kill.
You shoot a sling bullet. The sling bullet hits the ogre!
The ogre is severely wounded.
The ogre hits you with a +0 giant spiked club!
You die...

###### ####### #.....
#.....# #..... #.###'##
#..... #.##...# #.....
#########.##...###.....
#...##@O.......'.+.....
#.#.##o##.##...#.#.....
#.#.......##...#+####'#
#.####.#####........#.#
####.# #.# #........#.#
######....# #.#
#........#..
#......#### #.#
#######.......
#.############.#
#......######.
#.##......[.##.#
#......# #.#.


You could see an ogre and an orc.

Vanquished Creatures
  An orc warrior (D:5)
  A phantom (D:5)
  2 scorpions (D:4)
  An orc priest (D:5)
  5 orc wizards
  6 adders
  An ufetubus (D:3)
  A worm (D:4)
  6 dart slugs
  12 orcs
  3 endoplasms
  4 giant cockroaches
  4 goblins
  6 hobgoblins
  7 jackals
  8 kobolds
  6 quokkas
  8 ball pythons
  7 bats
  6 frilled lizards
  7 rats
102 creatures vanquished.

Notes
Turn   | Place    | Note
-------+----------+-------------------------------------------
     0 | D:1      | qw the Minotaur Hexslinger began the quest for the Orb.
     0 | D:1      | Reached XP level 1. HP: 16/16 MP: 1/1
     0 | D:1      | 0 ||| qw: Version: 0.3-a-40-ge99b1a8
     0 | D:1      | 0 ||| qw: Game counter: 278
     0 | D:1      | 0 ||| qw: Melee chars always use a shield: true
     0 | D:1      | 0 ||| qw: God list: Okawaru
     0 | D:1      | 0 ||| qw: Allow faded altars: false
     0 | D:1      | 0 ||| qw: Do Orc after clearing Dungeon:15 true
     0 | D:1      | 0 ||| qw: Do second Lair branch before Depths: true
     0 | D:1      | 0 ||| qw: Lair rune preference: random
     0 | D:1      | 0 ||| qw: Goals: Normal
     0 | D:1      | 0 ||| PLANNING D:1-11
   202 | D:1      | Reached skill level 3 in Ranged Weapons
   202 | D:1      | Reached XP level 2. HP: 23/23 MP: 2/2
   526 | D:1      | 526 ||| FLEEEEING.
   552 | D:1      | Reached XP level 3. HP: 24/29 MP: 3/3
   765 | D:1      | 765 ||| UPGRADING to +0 cloak.
   770 | D:1      | 770 ||| DROPPING +6 ring of intelligence.
   771 | D:1      | 771 ||| READING scroll labelled GONIETHR XOXAF.
   772 | D:1      | 772 ||| READING scroll labelled QUDUPPA ALIAF.
   773 | D:1      | 773 ||| READING scroll labelled GEILELUNETU.
   774 | D:1      | 774 ||| DROPPING scroll of poison.
   793 | D:2      | Reached skill level 4 in Ranged Weapons
   904 | D:2      | Found Levi Och's Armour Boutique.
   912 | D:2      | 912 ||| BUYING +0 ring mail (40 gold).
   912 | D:2      | Bought a +0 ring mail for 40 gold pieces
   973 | D:2      | Reached XP level 4. HP: 36/36 MP: 4/4
   977 | D:2      | 977 ||| UPGRADING to +0 ring mail.
  1013 | D:2      | 1013 ||| DROPPING +0 robe.
  1126 | D:2      | 1126 ||| Stepping ~*~*~tactically~*~*~ (outnumbered).
  1127 | D:2      | 1127 ||| Stepping ~*~*~tactically~*~*~ (outnumbered).
  1131 | D:2      | 1131 ||| Stepping ~*~*~tactically~*~*~ (outnumbered).
  1133 | D:2      | 1133 ||| Stepping ~*~*~tactically~*~*~ (outnumbered).
  1262 | D:2      | Identified the +4 flail of Urusch {flame, rElec Will+}
  1362 | D:2      | Found a faded altar of an unknown god.
  1445 | D:2      | Reached skill level 1 in Armour
  1523 | D:2      | 1523 ||| READING scroll labelled TUARAUDIJO.
  1527 | D:2      | 1527 ||| READING 2 scrolls labelled QUUXZI BUMPE.
  1528 | D:2      | 1528 ||| READING scroll labelled FIOHATHRAAF.
  1529 | D:2      | 1529 ||| DRINKING 2 golden potions.
  1530 | D:2      | 1530 ||| DROPPING potion of brilliance.
  1553 | D:3      | 1553 ||| STAIRDANCE
  1652 | D:3      | Reached skill level 5 in Ranged Weapons
  2105 | D:3      | 2105 ||| FLEEEEING.
  2106 | D:3      | 2106 ||| FLEEEEING.
  2107 | D:3      | 2107 ||| FLEEEEING.
  2108 | D:3      | 2108 ||| FLEEEEING.
  2109 | D:3      | 2109 ||| FLEEEEING.
  2124 | D:3      | 2124 ||| FLEEEEING.
  2134 | D:3      | Reached XP level 5. HP: 43/44 MP: 5/5
  2349 | D:3      | 2349 ||| UPGRADING to ring of positive energy.
  2350 | D:3      | 2350 ||| READING scroll labelled DAULOEN ONOCI.
  2351 | D:3      | 2351 ||| READING scroll labelled ZUOXZIE LEOGG.
  2418 | D:3      | 2418 ||| READING 5 scrolls of identify.
  2418 | D:3      | 2418 ||| IDENTIFYING puce potion
  2419 | D:3      | 2419 ||| READING 4 scrolls of identify.
  2419 | D:3      | 2419 ||| IDENTIFYING viscous puce potion
  2420 | D:3      | 2420 ||| READING 3 scrolls of identify.
  2420 | D:3      | 2420 ||| IDENTIFYING metallic golden potion
  2421 | D:3      | 2421 ||| READING 2 scrolls of identify.
  2421 | D:3      | 2421 ||| IDENTIFYING coppery potion
  2422 | D:3      | 2422 ||| DROPPING potion of attraction.
  2423 | D:3      | 2423 ||| DROPPING potion of ambrosia.
  2457 | D:4      | Found a staircase to the Ecumenical Temple.
  2458 | D:4      | 2458 ||| PLANNING TEMPLE
  2464 | Temple   | Entered the Ecumenical Temple
  2482 | Temple   | 2482 ||| PLANNING OKAWARU WORSHIP
  2545 | Temple   | Became a worshipper of Warmaster Okawaru
  2546 | Temple   | 2546 ||| PLANNING D:1-11
  2577 | D:4      | Reached skill level 3 in Fighting
  2586 | D:4      | Identified the +0 robe of Qiecimmeib {Contam rF+ Will+
                  | Dex+2}
  2855 | D:4      | HP: 10/45 [poisoned by a scorpion]
  2856 | D:4      | 2856 ||| DRINKING potion of heal wounds.
  2860 | D:4      | HP: 8/45 [poisoned by a scorpion]
  2865 | D:4      | HP: 3/45 [poisoned by a scorpion]
  3098 | D:4      | Reached skill level 6 in Ranged Weapons
  3098 | D:4      | Reached XP level 6. HP: 51/51 MP: 6/6
  3622 | D:4      | 3622 ||| UPGRADING to +0 robe of Qiecimmeib {Contam rF+
                  | Will+ Dex+2}.
  3632 | D:4      | 3632 ||| DROPPING +0 ring mail.
  3633 | D:4      | 3633 ||| READING scroll labelled JEJUPL WU UGEO.
  3734 | D:4      | 3734 ||| READING scroll labelled TOGATAREIS.
  3735 | D:4      | 3735 ||| READING scroll labelled RIESMUI TECKA.
  3736 | D:4      | 3736 ||| DRINKING 2 fizzy orange potions.
  3737 | D:4      | 3737 ||| READING 3 scrolls of identify.
  3737 | D:4      | 3737 ||| IDENTIFYING white potion
  3738 | D:4      | 3738 ||| READING 2 scrolls of identify.
  3738 | D:4      | 3738 ||| IDENTIFYING pink potion
  3739 | D:4      | 3739 ||| DROPPING potion of invisibility.
  3804 | D:5      | Entered Level 5 of the Dungeon
  3814 | D:5      | 3814 ||| STAIRDANCE
  3830 | D:4      | HP: 13/52 [something (1)]
  3982 | D:5      | Found Ipucis's Neck Hole.
  3986 | D:5      | Reached skill level 7 in Ranged Weapons
  3995 | D:5      | Reached * piety under Okawaru
  3996 | D:5      | 3996 ||| INVOKING Heroism.
  3999 | D:5      | Reached XP level 7. HP: 59/59 MP: 4/7
  4002 | D:5      | Reached skill level 3 in Dodging
  4012 | D:5      | 4012 ||| FLEEEEING.
  4013 | D:5      | 4013 ||| FLEEEEING.
  4014 | D:5      | 4014 ||| FLEEEEING.
  4015 | D:5      | 4015 ||| FLEEEEING.
  4016 | D:5      | 4016 ||| FLEEEEING.
  4017 | D:5      | 4017 ||| FLEEEEING.
  4018 | D:5      | 4018 ||| FLEEEEING.
  4019 | D:5      | 4019 ||| STAIRDANCE
  4156 | D:5      | 4156 ||| STAIRDANCE
  4158 | D:4      | HP: 9/59 [ogre/+0 giant spiked club (23)]
  4159 | D:4      | 4159 ||| READING scroll of teleportation.
  4161 | D:4      | Slain by an ogre

Levels and vault maps discovered:
D:1:      nzn_arrival_settlement, layout_basic, minmay_unequal
D:2:      layout_loops_ring, serial_shops, shop,
          shapermc_ecumenical_altar_mp_urbaneastern, feat_on_display
D:3:      layout_loops_ring, minmay_cupped
D:4:      layout_basic, minmay_temple_entry_wispy, minmay_ruptured
D:5:      layout_rooms, minmay_misc_feat_diagonals,
          nicolae_shop_sticking_my_neck_out, uniq_eustachio
Temple:   grunt_wide_crystal_templ

Skill      XL: |  1  2  3  4  5  6  7 |
---------------+----------------------+-----
Ranged Weapons | 3 4 5 6 7 |  7.5
Fighting       | 2 3 4 |  4.2
Armour         | 1 |  1.0
Dodging        | 3 |  3.0
Spellcasting   | |  1.0
Hexes          | |  2.0

Action                     |  1- 3 |  4- 6 |  7- 9 || total
---------------------------+-------+-------+-------++-------
   Fire: Sling             |   121 |   198 |    17 ||   336
 Invoke: Heroism           |       |     1 |       ||     1
    Use: Scroll            |     3 |    14 |     1 ||    18
         Potion            |       |     3 |       ||     3
 Armour: Robe              |     8 |     4 |       ||    12
         Ring mail         |       |    42 |       ||    42
  Dodge: Dodged            |    34 |    63 |    13 ||   110

Table legend:
 A = Non-vault XP
 B = Vault XP
 C = Vault XP percentage of total XP
 D = Non-vault monster count
 E = Vault monster count
 F = Vault count percentage of total count
                 A         B        C        D         E       F
            +---------+---------+-------+---------+---------+-------
      Total |     861 |      15 |   1.7 |      95 |       7 |   6.9
            +---------+---------+-------+---------+---------+-------
        D:1 |      42 |       6 |  12.5 |      23 |       4 |  14.8
        D:2 |      84 |       0 |   0.0 |      29 |       0 |   0.0
        D:3 |      63 |       2 |   3.1 |      17 |       1 |   5.6
        D:4 |     243 |       7 |   2.8 |      15 |       2 |  11.8
        D:5 |     429 |       0 |   0.0 |      11 |       0 |   0.0
            +---------+---------+-------+---------+---------+-------
